 Dungeon Crawl Stone Soup version 0.29-a0-221-gceb61267dd (webtiles) character file.

Game seed: 905729083746893610

175 enile the Skirmisher (level 5, -1/41 HPs)
             Began as a Djinni Fire Elementalist on Feb 26, 2022.
             Slain by an orc
             ... wielding a +0 whip
              (6 damage)
             ... on level 4 of the Dungeon.
             The game lasted 00:03:53 (4454 turns).

enile the Skirmisher (Djinni Fire Elementalist)     Turns: 4454, Time: 00:03:54

Health: -1/41      AC:  2    Str: 10 (11) XL:     5   Next: 85%
Gold:   106        EV: 12    Int: 16 (19) God:
                   SH:  0    Dex: 12 (13)

rFire   + + +      SeeInvis .   l - +5 mace of Income {freeze, rF+ rC+ Str+4}
rCold   + . .      Faith    .   (no shield)
rNeg    + . .      Spirit   .   a - +0 robe
rPois   ∞          Reflect  .   (no helmet)
rElec   .          Harm     .   (no cloak)
rCorr   .          Rampage  .   (no gloves)
Will    .....                   (boots unavailable)
Stlth   ++........              (no amulet)
HPRegen 0.13/turn               g - ring of positive energy
MPRegen 0.00/turn               f - ring of protection from cold

@: about to teleport, flying
A: sickness immunity, fire resistance 2, cold vulnerability 1, float, innate
caster, HP casting, extra vitality 1
a: no special abilities


You were on level 4 of the Dungeon.
You visited 1 branch of the dungeon, and saw 4 of its levels.

You collected 106 gold pieces.

Inventory:

Hand Weapons
 d - a +1 dagger
 l - the +5 mace of Income (weapon) {freeze, rF+ rC+ Str+4}
   (You found it on level 2 of the Dungeon)

   It freezes those it strikes, dealing additional cold damage.
   It can also slow down cold-blooded creatures.
   Str:       It affects your strength (+4).
   rF:        It protects you from fire.
   rC:        It protects you from cold.
Armour
 a - a +0 robe (worn)
Magical Staves
 e - a staff of fire
Jewellery
 f - a ring of protection from cold (right hand)
 g - a ring of positive energy (left hand)
Wands
 h - a wand of polymorph (7)
Scrolls
 b - 8 scrolls of identify {unknown}
 k - a scroll of fear {unknown}
Potions
 j - a potion of lignification {unknown}


   Skills:
 - Level 4.0 Fighting
 - Level 1.0 Maces & Flails
 - Level 2.1 Dodging
 - Level 1.5 Stealth
 + Level 3.2 Spellcasting


You couldn't memorise any spells.
You knew the following spells:

 Your Spells              Type           Power      Damage    Failure   Level
a - Foxfire               Conj/Fire      48%        2x1d6     4%          1
b - Scorch                Fire           24%        2d6       8%          2
c - Conjure Flame         Conj/Fire      12%        6-21      14%         3
d - Inner Flame           Hex/Fire       12%        N/A       14%         3
e - Flame Wave            Conj/Fire      12%        2d6       43%         4
f - Summon Small Mammal   Summ           48%        N/A       4%          1
g - Poisonous Vapours     Pois/Air       24%        N/A       8%          2
Your spell library was empty.

Dungeon Overview and Level Annotations

Branches:
Dungeon (4/15)
 Temple: D:4-7

Altars:
Fedhas
Gozag
Nemelex Xobeh
Uskayaw

Annotations:
D:3 exclusion: oklob plant


Innate Abilities, Weirdness & Mutations

You are immune to sickness and miasma.
You are immune to poison.
Your flesh is very heat resistant. (rF++)
You are vulnerable to cold. (rC-)
You float through the air rather than walking.
You learn spells naturally, not from books.
Your magical power is your life essence.
You have superior vitality. (+4 MHP)


Message History

The orc priest is lightly wounded.
The orc priest mumbles some strange prayers to Beogh against you.
Beogh smites you!
Casting: Foxfire (safe; 4% risk of failure)
Confirm with . or Enter, or press ? or * to list all spells.
You conjure some foxfire!
An orc comes into view. It is wielding a +0 hand axe.
The foxfire hits the quokka.
The quokka is moderately wounded.
There are monsters nearby!
Casting: Foxfire (safe; 4% risk of failure)
Confirm with . or Enter, or press ? or * to list all spells.
You conjure some foxfire!
The foxfire hits the quokka.
You kill the quokka!
The orc priest barely misses you.
There are monsters nearby!
Casting: Foxfire (safe; 4% risk of failure)
Confirm with . or Enter, or press ? or * to list all spells.
You conjure some foxfire!
The orc priest calls down the wrath of Beogh upon you.
Beogh smites you!
* * * LOW HITPOINT WARNING * * *
The foxfire hits the orc.
The orc is severely wounded.
The orc priest hits you from afar with a +0 trident.
* * * LOW HITPOINT WARNING * * *
There are monsters nearby!
Unknown command.
You feel better.
The orc priest calls upon Beogh to heal the orc.
The orc's wounds heal themselves!
The orc closely misses you.
As you read the scroll labelled VESIFU TALENEGOOCS, it crumbles to dust.
You feel strangely unstable.
It was a scroll of teleportation.
The orc priest barely misses you. The orc hits you with a +0 whip.
* * * LOW HITPOINT WARNING * * *
It was a potion of degeneration.
There was something very wrong with that liquid.
You feel weakened.
You feel dopey.
You feel clumsy. The orc priest closely misses you.
The orc hits you with a +0 whip.
You die...

##..........##
#......<.....#
####............#
................##
.####............#
.# ##...##.).##.#
.# ###########.#
.# #.# .# #@# .#
#o# .#


#oo .# ##.. .# ... ♣≈# )... ≈..# ....# ♣.... ....# P##### You could see an orc
priest and 2 orcs.

Vanquished Creatures
  Natasha (thrice) (D:2)
  4 adders (D:3)
  A worm (D:3)
  A dart slug (D:3)
  4 orcs
  6 bats
  2 endoplasms (D:3)
  3 giant cockroaches
  3 hobgoblins
  11 jackals (D:2)
  2 quokkas
  3 ball pythons
  2 frilled lizards (D:1)
  8 kobolds
  3 rats
56 creatures vanquished.

Vanquished Creatures (others)
  168 foxfires
168 creatures vanquished.

Grand Total: 224 creatures vanquished

Notes
Turn   | Place    | Note
-------+----------+-------------------------------------------
     0 | D:1      | enile the Djinni Fire Elementalist began the quest for the
                  | Orb.
     0 | D:1      | Reached XP level 1. HP: 15/15 MP: 0/0
   192 | D:1      | Reached skill level 1 in Fighting
   523 | D:1      | Reached XP level 2. HP: 18/22 MP: 0/0
   741 | D:1      | Reached skill level 2 in Fighting
  1309 | D:2      | Reached XP level 3. HP: 21/29 MP: 0/0
  1309 | D:2      | Learned a level 1 spell: Summon Small Mammal
  1705 | D:2      | Identified the +5 mace of Income {freeze, rF+ rC+ Str+4}
  1987 | D:2      | Noticed Natasha
  2000 | D:2      | Killed Natasha
  2001 | D:2      | Reached skill level 3 in Fighting
  2001 | D:2      | Reached XP level 4. HP: 22/35 MP: 0/0
  2023 | D:2      | Noticed Natasha
  2036 | D:2      | Killed Natasha
  2061 | D:2      | Noticed Natasha
  2065 | D:2      | Killed Natasha
  2066 | D:2      | Reached skill level 4 in Fighting
  2066 | D:2      | Reached skill level 1 in Maces & Flails
  2066 | D:2      | Reached XP level 5. HP: 21/41 MP: 0/0
  2066 | D:2      | Learned a level 2 spell: Poisonous Vapours
  3452 | D:3      | Found a blossoming altar of Fedhas.
  3469 | D:3      | Noticed an oklob plant
  3669 | D:3      | Found a hide-covered altar of Uskayaw.
  3684 | D:3      | Found a sparkling altar of Nemelex Xobeh.
  3810 | D:3      | Found an opulent altar of Gozag.
  4454 | D:4      | Slain by an orc

Illustrated notes

Levels and vault maps discovered:
D:1:      minmay_arrival_radiant_lines, layout_rooms
D:2:      layout_basic, uniq_natasha
D:3:      layout_loops_ring, old_standard_altar, tgw_fedhas,
          nicolae_overflow_hidden_temple, lemuel_coloured_pillars_altar
D:4:      layout_rooms, serial_bayou_pond_d

Skill      XL: |  1  2  3  4  5 |
---------------+----------------+-----
Fighting       | 1 2 3 4 |  4.0
Maces & Flails | 1 |  1.0
Spellcasting   | 3 |  3.2
Dodging        | |  2.1
Stealth        | |  1.5

Action                   |  1- 3 |  4- 6 || total
-------------------------+-------+-------++-------
Melee: Dagger            |    13 |       ||    13
       Staff             |    18 |       ||    18
       Unarmed           |     1 |       ||     1
       Mace              |     6 |     3 ||     9
 Cast: Foxfire           |    60 |    55 ||   115
       Summon Small Mamm |     2 |     1 ||     3
       Scorch            |     1 |    17 ||    18
  Use: Potion            |       |     4 ||     4
       Scroll            |       |     2 ||     2
Armor: Robe              |    10 |     4 ||    14
Dodge: Dodged            |    43 |    21 ||    64

Table legend: (Time is in decaauts)
 A = Elapsed time spent in this place.
 B = Non-inter-level travel time spent in this place.
 C = Inter-level travel time spent in this place.
 D = Time resting spent in this place.
 E = Time spent auto-exploring this place.
 F = Levels seen in this place.
 G = Mean time per level.
                   A        B        C        D        E       F      G
               +--------+--------+--------+--------+--------+-----+--------+
         Total |   4457 |   4265 |    192 |      0 |   3745 |   4 | 1114.2 |
       Dungeon |   4457 |   4265 |    192 |      0 |   3745 |   4 | 1114.2 |
               +--------+--------+--------+--------+--------+-----+--------+

Top non-repeatable levels by time:
     D:2: 1571 daAuts
     D:3: 1564 daAuts
     D:1: 1228 daAuts
     D:4: 93 daAuts
